 Dungeon Crawl Stone Soup version 0.26-a0-412-ga3d1f51b (webtiles) character file.

Game seed: 12444437228426266376

33 Illumine the Chopper (level 3, -1/31 HPs)
             Began as a Palentonga Berserker on July 23, 2020.
             Was a Believer of Trog.
             Slain by a gnoll
             ... wielding a +0 halberd
              (3 damage)
             ... on level 2 of the Dungeon.
             The game lasted 00:01:24 (865 turns).

Illumine the Chopper (Palentonga Berserker)          Turns: 865, Time: 00:01:26

Health: -1/31      AC:  5    Str: 21    XL:     3   Next: 12%
Magic:  3/3        EV:  8    Int:  7    God:    Trog [**....]
Gold:   81         SH:  0    Dex:  9    Spells: 2/2 levels left

rFire    . . .     SeeInvis +   a - +0 hand axe
rCold    . . .     Faith    .   (no shield)
rNeg     . . .     Spirit   .   c - -2 scale mail (curse)
rPois    .         Reflect  .   f - +0 helmet
rElec    .         Harm     .   (no cloak)
rCorr    .                      (no gloves)
MR       .....                  (boots restricted)
Stlth    ..........             (no amulet)
HPRegen  0.10/turn              (no ring)
MPRegen  0.08/turn              (no ring)

@: berserk cooldown, slowed, very slow
A: large, rugged brown scales 3, see invisible, deformed body, roll, armoured
tail
a: Rolling Charge, Berserk, Trog's Hand, Renounce Religion


You were on level 2 of the Dungeon.
You worshipped Trog.
Trog was pleased with you.
You visited 1 branch of the dungeon, and saw 2 of its levels.

You collected 81 gold pieces.

Inventory:

Hand Weapons
 a - a +0 hand axe (weapon)
Missiles
 e - 16 poisoned darts (quivered)
Armour
 b - a +0 animal skin
 c - a cursed -2 scale mail (worn)
 f - a +0 helmet (worn)
Scrolls
 g - a scroll of teleportation {unknown}
Potions
 d - a potion of mutation {unknown}


   Skills:
 + Level 3.2 Fighting
 * Level 3.5 Axes
 + Level 1.9 Armour
 + Level 1.9 Dodging


You had 2 spell levels left.
You didn't know any spells.
Your spell library was empty.

Dungeon Overview and Level Annotations

Branches:
Dungeon (2/15)

Altars:


Innate Abilities, Weirdness & Mutations

You are completely covered in rugged brown scales. (AC +3, +7% HP)
You have supernaturally acute eyesight. (SInv)
Armour fits poorly on your strangely shaped body.
You can roll at foes to attack.
You have a long armoured tail.


Message History

You are exhausted.
You feel yourself slow down.
You see here a throwing net.
You hit the gnoll.
The gnoll is heavily wounded.
You closely miss the gnoll.
Your scale mail prevents you from hitting the gnoll.
The gnoll hits you.
* * * LOW HITPOINT WARNING * * *
The gnoll barely misses you. The gnoll closely misses you. The gnoll hits you.
* * * LOW HITPOINT WARNING * * *
The gnoll barely misses you.
You see here a throwing net.
You hit the gnoll.
The gnoll is severely wounded.
You hit the gnoll. You barely miss the gnoll.
The gnoll hits you but does no damage. The gnoll hits you.
* * * LOW HITPOINT WARNING * * *
The gnoll hits you with a +0 halberd.
You die...

####...# #.....#
###.#####.#####
#......(#####
#...........#
##.##...####.#
#....>....##.#
#########
#..###..#.##.#
#.....gg#
#....#..#.##.. .g
#@###.............
#.##g#.#.####..#.###.
#.....#........#.# ##
####.#.#.......#.##
#.......#.########...#
#####.........#
#...### #..>......#
#......
#.........####.<.###
#...............§§.§


You could see 3 gnolls.

Vanquished Creatures
  A gnoll (D:2)
  A dart slug (D:1)
  3 bats
  A giant cockroach (D:2)
  4 goblins (D:1)
  A jackal (D:1)
  2 frilled lizards
  3 kobolds
  7 rats
23 creatures vanquished.

Notes
Turn   | Place    | Note
-------+----------+-------------------------------------------
     0 | D:1      | Illumine the Palentonga Berserker began the quest for the
                  | Orb.
     0 | D:1      | Reached XP level 1. HP: 19/19 MP: 1/1
   129 | D:1      | Reached XP level 2. HP: 25/25 MP: 2/2
   449 | D:1      | You fall into a shaft and drop 1 floor!
   765 | D:2      | Reached ** piety under Trog
   855 | D:2      | Reached XP level 3. HP: 31/31 MP: 3/3
   865 | D:2      | Slain by a gnoll

Illustrated notes

Levels and vault maps discovered:
D:1:      doesnt_arrival_eight_statues, layout_basic, minmay_misc_feat_rows
D:2:      layout_loops_cross, uniq_crazy_yiuf_cottage

Action                   || total
-------------------------++-------
Melee: Hand axe          ||    59
       Tailslap          ||     1
Invok: Berserk           ||     1
 Abil: Rolling Charge    ||    10
  Use: Scroll            ||     1
Armor: Animal skin       ||    14
       Scale mail        ||    11
Dodge: Dodged            ||    49

Table legend: (Time is in decaauts)
 A = Elapsed time spent in this place.
 B = Non-inter-level travel time spent in this place.
 C = Inter-level travel time spent in this place.
 D = Time resting spent in this place.
 E = Time spent auto-exploring this place.
 F = Levels seen in this place.
 G = Mean time per level.
                   A        B        C        D        E       F      G
               +--------+--------+--------+--------+--------+-----+--------+
         Total |    872 |    872 |      0 |      3 |    655 |   2 |  436.0 |
       Dungeon |    872 |    872 |      0 |      3 |    655 |   2 |  436.0 |
               +--------+--------+--------+--------+--------+-----+--------+

Top non-repeatable levels by time:
     D:1: 454 daAuts
     D:2: 417 daAuts
